AoeStats
← RedPhosphoru

Arabian Desert

509486444Analyzed
1v1 RM · 6d ago on Sep 26, 2026· 34m 15s· 2 players
Game mode
Random Map
Map size
Tiny (2 player)
Population
200
Speed
Normal
Resources
Standard
Victory
Conquest
Starting age
Dark Age
Ending age
Imperial Age
RankedLock teamsTeams togetherTeam positionsShared explorationLock speedFull tech treeHidden civsTurbo modeCheats
Victory
Defeat
🇺🇸 Mongols · United States
2411
+8
🇲🇽 Magyars · Mexico
2210
-8
iamkaito
4:25 Loom
15:56 Feudal Age
20:11 Castle Age
19:36 Double-Bit Axe
21:23 Scale Barding Armor
30:22 Bloodlines
RedPhosphoru
10:01 Loom
13:35 Feudal Age
14:42 Double-Bit Axe
14:31 Man-at-Arms
15:44 Arson
20:40 Wheelbarrow
22:33 Castle Age
22:24 Horse Collar
23:27 Light Cavalry
24:17 Bloodlines
24:43 Forging
26:04 Husbandry
29:05 Iron Casting
28:40 Scale Barding Armor
30:54 Chain Barding Armor
32:54 Hand Cart
Connection lost

Rejoining the realm…

Still unreachable

The connection could not be restored.

Session expired

The server has moved on; the page needs a fresh start.